Stars vs Sabres
Created - 21 décembre 2014 at 20:33
Goals
|
| Stars |
2 |
0 |
3 |
5 |
| Sabres |
1 |
1 |
2 |
4 |
|
Shots
|
| Stars |
9 |
5 |
14 |
28 |
| Sabres |
18 |
12 |
6 |
36 |
|
1st period
1. Stars , Shane Doan 9 (John Tavares, Bryan Berard) at 7:29
2. Stars , Evgeny Artyukhin 8 (Pavel Kubina, Éric Belanger) at 8:52
3. Sabres , Enver Lisin 3 (James Neal, Todd White) at 10:52
Penalties :
No Penalty
2nd period
4. Sabres , Enver Lisin 4 (James Neal) at 12:17
Penalties :
Antoine Roussel (Buf) for Slashing (Minor) at 0:15, Pavel Kubina (Dal) for Tripping (Minor) at 1:42, John Tavares (Dal) for Elbowing (Minor) at 13:28, John Tavares (Dal) for Roughing (Minor) at 16:55
3rd period
5. Stars , Alexei Morozov 15 (Tomas Plekanec, Daniel Sedin) at 2:45
6. Stars , John Tavares 9 (Pavel Kubina, Shane Doan) at 7:35 (PP)
7. Sabres , Derick Brassard 13 (Niclas Bergfors) at 7:55
8. Sabres , Richard Lintner 2 (Antoine Roussel) at 8:34
9. Stars , Jan Hlavac 2 (Marty Reasoner, Brendan Bell) at 14:06
Penalties :
Kurtis Foster (Dal) for Interference (Minor) at 0:22, Richard Lintner (Buf) for Holding Stick (Minor) at 7:01, Bryan Berard (Dal) for High sticking (Minor) at 9:57
Goalie Stats
Patrick Lalime (Dal), 32 saves from 36 shots - (0,889), W, 5-4-1, 60:00 minutes
Michal Neuvirth (Buf), 15 saves from 19 shots - (0,789), 47:35 minutes
Ty Conklin (Buf), 8 saves from 9 shots - (0,889), L, 3-3-1, 11:34 minutes
Players Stats for Stars
Player Name G A P +/- PIM S H SB GA TA FO MP PP MP PK MP
------------------------------------------------------------------------------------
Alexei Morozov 1 0 1 -1 0 3 0 1 2 1 5/7 22:24 1:11 4:28
Brendan Bell 0 1 1 1 0 0 1 2 0 0 0/0 12:24 0:00 0:42
Bryan Berard 0 1 1 0 2 0 0 3 0 1 0/0 20:04 0:13 3:02
Daniel Cleary 0 0 0 1 0 1 1 0 0 0 0/0 8:32 0:00 0:00
Daniel Sedin 0 1 1 -1 0 3 1 1 0 1 0/1 22:24 1:11 4:28
Éric Belanger 0 1 1 0 0 3 1 1 0 0 4/10 10:53 0:00 0:09
Evgeny Artyukhin 1 0 1 0 0 2 1 0 0 0 0/0 10:44 0:00 0:00
Filip Novak 0 0 0 1 0 0 1 1 0 0 0/0 13:28 0:00 2:45
Jan Hlavac 1 0 1 1 0 2 4 1 1 0 0/1 10:40 0:00 2:08
John Tavares 1 1 2 0 4 4 1 1 1 0 1/9 13:16 0:50 0:00
Kurtis Foster 0 0 0 -1 2 4 3 1 0 1 0/0 26:11 1:48 3:41
Marty Reasoner 0 1 1 1 0 1 0 0 0 0 1/4 8:32 0:00 0:00
Milan Michalek 0 0 0 0 0 0 1 0 0 0 0/0 13:06 0:50 0:00
Pavel Kubina 0 2 2 -1 2 1 1 1 0 0 0/0 26:21 1:47 4:16
Randy Jones 0 0 0 0 0 0 1 2 1 0 0/0 22:08 0:13 4:20
Sean Avery 0 0 0 0 0 0 1 0 0 0 0/0 12:43 0:00 1:59
Shane Doan 1 1 2 0 0 2 2 0 0 0 0/0 16:12 0:50 2:47
Tomas Plekanec 0 1 1 -1 0 2 4 0 0 0 12/28 19:58 1:11 2:47
Players Stats for Sabres
Player Name G A P +/- PIM S H SB GA TA FO MP PP MP PK MP
------------------------------------------------------------------------------------
Antoine Roussel 0 1 1 1 2 2 1 0 1 1 0/0 19:39 5:06 0:00
Derick Brassard 1 0 1 1 0 3 1 0 0 1 19/34 20:36 5:37 0:00
Enver Lisin 2 0 2 1 0 6 4 0 0 0 1/1 12:43 0:07 0:00
James Neal 0 2 2 1 0 4 3 1 1 0 1/2 16:34 4:10 0:00
Joni Pitkanen 0 0 0 -1 0 1 1 2 0 0 0/0 24:37 4:39 1:39
Kyle Calder 0 0 0 0 0 1 2 1 0 1 0/0 9:47 0:00 0:03
Mats Sundin 0 0 0 -2 0 0 0 0 0 0 4/6 15:27 3:39 0:16
Nathan Dempsey 0 0 0 -1 0 0 2 0 0 0 0/0 23:41 4:44 0:22
Nathan Paetsch 0 0 0 2 0 0 1 3 0 0 0/0 11:42 0:00 0:00
Niclas Bergfors 0 1 1 1 0 2 2 2 0 0 0/0 20:36 5:37 0:00
Ole-Kristian Tollefsen 0 0 0 -2 0 2 2 0 1 0 0/0 27:04 4:39 1:39
Richard Lintner 1 0 1 0 2 2 1 2 0 1 0/0 14:12 0:00 0:00
Ryan Hollweg 0 0 0 -2 0 2 0 0 1 0 0/0 15:11 3:39 0:00
Steve Downie 0 0 0 -2 0 2 1 0 0 0 0/0 11:22 0:00 0:00
Todd White 0 1 1 1 0 1 1 2 0 0 7/11 14:18 0:00 1:42
Tomas Kopecky 0 0 0 0 0 5 1 0 0 0 0/1 9:59 0:14 0:16
Tyler Sloan 0 0 0 2 0 2 2 0 0 0 0/0 18:43 4:44 0:22
Wayne Primeau 0 0 0 0 0 1 1 0 0 1 5/5 11:14 0:00 1:45
3 Stars
1 - Enver Lisin (Buf)
2 - Jan Hlavac (Dal)
3 - Shane Doan (Dal)
Power Play
Stars - 1 on 2 Attempt(s) - 50,00%
Sabres - 0 on 5 Attempt(s) - 0,00%
Penalty Kill
Stars - 5 on 5 Attempt(s) - 100,00%
- Score 0 goal in Penalty Kill
Sabres - 1 on 2 Attempt(s) - 50,00%
- Score 0 goal in Penalty Kill
Official
Referees : StLaurent Francois and Hasenfratz Mike
Linesman : Lyle Seitz and Don Henderson
Game Notes
Ty Conklin enters game at 7:35 of 3rd period
Finance
Level 1 -- Attendance: 5526 (92,10%) -- Ticket Income 475 236 $
Level 2 -- Attendance: 5000 (100,00%) -- Ticket Income 265 000 $
Level 3 -- Attendance: 1480 (74,00%) -- Ticket Income 48 840 $
Level 4 -- Attendance: 2914 (72,85%) -- Ticket Income 67 022 $
Luxury Box -- Attendance: 769 (76,90%) -- Ticket Income 130 730 $
Game was played at the Duff Garden
Total Attendance: 15689 (87,16%)
Total Ticket Income: 986 828 $
Other Income: 148 024 $
Total Income: 1 134 852 $
Stars
5 vs 5 Forward
Center Left Wing Right Wing Time % Phy DF OF
1 Tomas Plekanec Daniel Sedin Alexei Morozov 40 1 2 2
2 John Tavares Milan Michalek Shane Doan 30 1 2 2
3 Éric Belanger Sean Avery Evgeny Artyukhin 20 1 2 2
4 Marty Reasoner Jan Hlavac Daniel Cleary 10 1 2 2
5 vs 5 Defense
Defense Defense Time % Phy DF OF
1 Pavel Kubina Kurtis Foster 40 1 2 2
2 Randy Jones Bryan Berard 30 1 2 2
3 Brendan Bell Filip Novak 20 1 2 2
4 Pavel Kubina Kurtis Foster 10 1 2 2
PowerPlay Forward
Center Left Wing Right Wing Time % Phy DF OF
1 Tomas Plekanec Daniel Sedin Alexei Morozov 60 1 2 2
2 John Tavares Milan Michalek Shane Doan 40 1 2 2
PowerPlay Defense
Defense Defense Time % Phy DF OF
1 Pavel Kubina Kurtis Foster 60 1 2 2
2 Randy Jones Bryan Berard 40 1 2 2
Penalty Kill 4 Players Forward
Center Wing Time % Phy DF OF
1 Alexei Morozov Daniel Sedin 60 1 2 2
2 Shane Doan Tomas Plekanec 40 1 2 2
Penalty Kill 4 Players Defense
Defense Defense Time % Phy DF OF
1 Pavel Kubina Kurtis Foster 60 1 2 2
2 Randy Jones Bryan Berard 40 1 2 2
Penalty Kill - 3 Players Forward
Forward Time % Phy DF OF
1 Alexei Morozov 60 1 2 2
2 Daniel Sedin 40 1 2 2
Penalty Kill - 3 Players Defense
Defense Defense Time % Phy DF OF
1 Pavel Kubina Kurtis Foster 60 1 2 2
2 Randy Jones Bryan Berard 40 1 2 2
4 vs 4 Forward
Center Wing Time % Phy DF OF
1 Alexei Morozov Daniel Sedin 60 1 2 2
2 Shane Doan Tomas Plekanec 40 1 2 2
4 vs 4 Defense
Defense Defense Time % Phy DF OF
1 Pavel Kubina Kurtis Foster 60 1 2 2
2 Randy Jones Bryan Berard 40 1 2 2
Last Minutes Offensive
Center Left Wing Right Wing Defense Defense
Tomas Plekanec Daniel Sedin Alexei Morozov Pavel Kubina Kurtis Foster
Last Minutes Defensive
Center Left Wing Right Wing Defense Defense
Tomas Plekanec Daniel Sedin Alexei Morozov Pavel Kubina Kurtis Foster
Goaltenders
Starting : Patrick Lalime
Backup : Pascal Leclaire
Extra Forwards
Normal : Daniel Cleary, Éric Belanger, Sean Avery - PP : Daniel Cleary, Éric Belanger - PK : Sean Avery
Extra Defensemen
Normal : Brendan Bell, Filip Novak, Randy Jones - PP : Brendan Bell - PK : Filip Novak, Randy Jones
Penalty Shots
Alexei Morozov, Daniel Sedin, Shane Doan, Tomas Plekanec, Milan Michalek
Sabres
5 vs 5 Forward
Center Left Wing Right Wing Time % Phy DF OF
1 Derick Brassard Antoine Roussel Niclas Bergfors 35 1 2 2
2 Mats Sundin Ryan Hollweg Steve Downie 25 1 2 2
3 Todd White James Neal Enver Lisin 25 1 2 2
4 Wayne Primeau Kyle Calder Tomas Kopecky 15 1 3 1
5 vs 5 Defense
Defense Defense Time % Phy DF OF
1 Ole-Kristian Tollefsen Nathan Dempsey 40 1 3 1
2 Richard Lintner Joni Pitkanen 30 1 3 1
3 Tyler Sloan Nathan Paetsch 20 1 3 1
4 Ole-Kristian Tollefsen Joni Pitkanen 10 1 1 3
PowerPlay Forward
Center Left Wing Right Wing Time % Phy DF OF
1 Derick Brassard James Neal Niclas Bergfors 60 1 0 4
2 Mats Sundin Antoine Roussel Ryan Hollweg 40 2 1 2
PowerPlay Defense
Defense Defense Time % Phy DF OF
1 Ole-Kristian Tollefsen Joni Pitkanen 60 1 1 3
2 Tyler Sloan Nathan Dempsey 40 1 3 1
Penalty Kill 4 Players Forward
Center Wing Time % Phy DF OF
1 Wayne Primeau Todd White 60 1 4 0
2 Mats Sundin Tomas Kopecky 40 1 4 0
Penalty Kill 4 Players Defense
Defense Defense Time % Phy DF OF
1 Ole-Kristian Tollefsen Joni Pitkanen 60 1 3 1
2 Tyler Sloan Nathan Dempsey 40 1 4 0
Penalty Kill - 3 Players Forward
Forward Time % Phy DF OF
1 Wayne Primeau 60 0 5 0
2 Todd White 40 0 5 0
Penalty Kill - 3 Players Defense
Defense Defense Time % Phy DF OF
1 Ole-Kristian Tollefsen Joni Pitkanen 60 1 4 0
2 Tyler Sloan Richard Lintner 40 1 4 0
4 vs 4 Forward
Center Wing Time % Phy DF OF
1 Derick Brassard Niclas Bergfors 60 1 2 2
2 Mats Sundin James Neal 40 1 3 1
4 vs 4 Defense
Defense Defense Time % Phy DF OF
1 Ole-Kristian Tollefsen Joni Pitkanen 60 1 3 1
2 Tyler Sloan Nathan Dempsey 40 1 3 1
Last Minutes Offensive
Center Left Wing Right Wing Defense Defense
Derick Brassard James Neal Niclas Bergfors Ole-Kristian Tollefsen Joni Pitkanen
Last Minutes Defensive
Center Left Wing Right Wing Defense Defense
Wayne Primeau Todd White Mats Sundin Ole-Kristian Tollefsen Joni Pitkanen
Goaltenders
Starting : Michal Neuvirth
Backup : Ty Conklin
Extra Forwards
Normal : Ryan Hollweg, James Neal, Niclas Bergfors - PP : Ryan Hollweg, Tomas Kopecky - PK : Kyle Calder
Extra Defensemen
Normal : Nathan Dempsey, Ole-Kristian Tollefsen, Tyler Sloan - PP : Nathan Dempsey - PK : Nathan Dempsey, Richard Lintner
Penalty Shots
James Neal, Niclas Bergfors, Derick Brassard, Mats Sundin, Ryan Hollweg
% Time on Ice - Stars
Lines # - Real PCT - Wanted PCT - Time Play
Normal Forward
1 - 32% - 40% - 15:03
2 - 27% - 30% - 12:35
3 - 23% - 20% - 10:44
4 - 18% - 10% - 8:32
Normal Defense
1 - 41% - 40% - 19:01
2 - 35% - 30% - 16:25
3 - 22% - 20% - 10:11
4 - 3% - 10% - 1:17
PP Forward
1 - 59% - 60% - 1:11
2 - 41% - 40% - 0:50
PP Defense
1 - 89% - 60% - 1:48
2 - 11% - 40% - 0:13
PK Forward
1 - 70% - 60% - 6:36
2 - 30% - 40% - 2:47
PK Defense
1 - 54% - 60% - 5:03
2 - 46% - 40% - 4:20
PK3 Forward
1 - 0% - 60%
2 - 0% - 40%
PK3 Defense
1 - 0% - 60%
2 - 0% - 40%
44 Forward
1 - 100% - 60% - 0:32
2 - 0% - 40% - 0:00
44 Defense
1 - 100% - 60% - 0:32
2 - 0% - 40% - 0:00
Last Minute Offensive - 0:00
Last Minute Defensive - 1:10
Total
Forward - 60:00
Defense - 60:00
|
% Time on Ice - Sabres
Lines # - Real PCT - Wanted PCT - Time Play
Normal Forward
1 - 30% - 35% - 14:27
2 - 24% - 25% - 11:32
3 - 26% - 25% - 12:36
4 - 20% - 15% - 9:29
Normal Defense
1 - 35% - 40% - 17:02
2 - 34% - 30% - 16:24
3 - 24% - 20% - 11:22
4 - 7% - 10% - 3:16
PP Forward
1 - 61% - 60% - 5:44
2 - 39% - 40% - 3:39
PP Defense
1 - 50% - 60% - 4:39
2 - 50% - 40% - 4:44
PK Forward
1 - 87% - 60% - 1:45
2 - 13% - 40% - 0:16
PK Defense
1 - 82% - 60% - 1:39
2 - 18% - 40% - 0:22
PK3 Forward
1 - 0% - 60%
2 - 0% - 40%
PK3 Defense
1 - 0% - 60%
2 - 0% - 40%
44 Forward
1 - 100% - 60% - 0:32
2 - 0% - 40% - 0:00
44 Defense
1 - 88% - 60% - 0:28
2 - 13% - 40% - 0:04
Last Minute Offensive - 0:00
Last Minute Defensive - 0:00
Total
Forward - 60:00
Defense - 60:00
|
Play by Play
1st period
0:01 of 1st period - Derick Brassard wins face-off versus Tomas Plekanec in neutral zone.
0:12 of 1st period - Alexei Morozov is hit by Niclas Bergfors and loses puck.
0:51 of 1st period - James Neal is hit by Sean Avery and loses puck.
2:31 of 1st period - Éric Belanger is hit by Wayne Primeau and loses puck.
2:52 of 1st period - Slapshot by Pavel Kubina.
2:52 of 1st period - Shot Hit the Post.
2:58 of 1st period - Kurtis Foster is hit by Antoine Roussel and loses puck.
3:13 of 1st period - Richard Lintner is hit by Kurtis Foster and loses puck.
3:35 of 1st period - Jan Hlavac is hit by Joni Pitkanen and loses puck.
4:08 of 1st period - Daniel Sedin is hit by Enver Lisin and loses puck.
4:45 of 1st period - Wrist shot by Tomas Kopecky.
4:45 of 1st period - Stopped by Patrick Lalime with a rebound.
4:47 of 1st period - Wrist shot by Tomas Kopecky.
4:47 of 1st period - Deflect By Wayne Primeau.
4:47 of 1st period - Stopped by Patrick Lalime with a rebound.
4:49 of 1st period - Slapshot by Kyle Calder.
4:49 of 1st period - Stopped by Patrick Lalime with a rebound.
5:05 of 1st period - Wrist shot by John Tavares.
5:05 of 1st period - Stopped by Michal Neuvirth without a rebound.
5:06 of 1st period - Mats Sundin wins face-off versus John Tavares in Sabres zone.
5:27 of 1st period - Snap shot by Steve Downie.
5:27 of 1st period - Shot Misses the Net.
5:29 of 1st period - Snap shot by Steve Downie.
5:29 of 1st period - Shot Blocked by Bryan Berard.
5:31 of 1st period - Snap shot by Steve Downie.
5:31 of 1st period - Shot Blocked by John Tavares.
5:33 of 1st period - Snap shot by Ole-Kristian Tollefsen.
5:33 of 1st period - Shot Misses the Net.
6:16 of 1st period - John Tavares is hit by Tyler Sloan and loses puck.
6:31 of 1st period - Snap shot by Ryan Hollweg.
6:31 of 1st period - Shot Misses the Net.
6:33 of 1st period - Snap shot by Ryan Hollweg.
6:33 of 1st period - Shot Blocked by Bryan Berard.
7:21 of 1st period - Snap shot by John Tavares.
7:21 of 1st period - Shot Misses the Net.
7:23 of 1st period - Snap shot by John Tavares.
7:23 of 1st period - Shot Misses the Net.
7:29 of 1st period - Snap shot by Shane Doan.
7:29 of 1st period - Goal by Shane Doan - Stars : 1 - Sabres : 0.
7:30 of 1st period - Tomas Plekanec wins face-off versus Derick Brassard in neutral zone.
7:36 of 1st period - Wrist shot by Daniel Sedin.
7:36 of 1st period - Stopped by Michal Neuvirth with a rebound.
7:38 of 1st period - Snap shot by Alexei Morozov.
7:38 of 1st period - Shot Blocked by Nathan Paetsch.
7:40 of 1st period - Snap shot by Alexei Morozov.
7:40 of 1st period - Stopped by Michal Neuvirth with a rebound.
7:42 of 1st period - Snap shot by Tomas Plekanec.
7:42 of 1st period - Shot Blocked by Nathan Paetsch.
7:44 of 1st period - Wrist shot by Pavel Kubina.
7:44 of 1st period - Shot Misses the Net.
7:46 of 1st period - Snap shot by Pavel Kubina.
7:46 of 1st period - Shot Blocked by Niclas Bergfors.
7:56 of 1st period - Éric Belanger is hit by Tyler Sloan and loses puck.
8:01 of 1st period - Snap shot by Enver Lisin.
8:01 of 1st period - Stopped by Patrick Lalime without a rebound.
8:02 of 1st period - Todd White wins face-off versus Tomas Plekanec in Stars zone.
8:05 of 1st period - Slapshot by Enver Lisin.
8:05 of 1st period - Stopped by Patrick Lalime with a rebound.
8:07 of 1st period - Slapshot by Ole-Kristian Tollefsen.
8:07 of 1st period - Stopped by Patrick Lalime without a rebound.
8:08 of 1st period - Tomas Plekanec wins face-off versus Derick Brassard in Stars zone.
8:33 of 1st period - Filip Novak is hit by Nathan Dempsey and loses puck.
8:46 of 1st period - Wrist shot by Wayne Primeau.
8:46 of 1st period - Deflect By Tomas Kopecky.
8:46 of 1st period - Shot Blocked by Brendan Bell.
8:46 of 1st period - Puck is out of play.
8:47 of 1st period - Éric Belanger wins face-off versus Derick Brassard in Stars zone.
8:52 of 1st period - Slapshot by Evgeny Artyukhin.
8:52 of 1st period - Goal by Evgeny Artyukhin - Stars : 2 - Sabres : 0.
8:53 of 1st period - Derick Brassard wins face-off versus Tomas Plekanec in neutral zone.
9:23 of 1st period - Snap shot by Evgeny Artyukhin.
9:23 of 1st period - Shot Blocked by Joni Pitkanen.
9:29 of 1st period - Snap shot by James Neal.
9:29 of 1st period - Stopped by Patrick Lalime with a rebound.
9:31 of 1st period - Slapshot by Richard Lintner.
9:31 of 1st period - Shot Misses the Net.
9:33 of 1st period - Snap shot by Richard Lintner.
9:33 of 1st period - Shot Blocked by Brendan Bell.
10:09 of 1st period - Wayne Primeau is hit by Shane Doan and loses puck.
10:28 of 1st period - Snap shot by Daniel Sedin.
10:28 of 1st period - Stopped by Michal Neuvirth with a rebound.
10:30 of 1st period - Snap shot by Tomas Plekanec.
10:30 of 1st period - Shot Misses the Net.
10:32 of 1st period - Snap shot by Alexei Morozov.
10:32 of 1st period - Shot Misses the Net.
10:36 of 1st period - Slapshot by Alexei Morozov.
10:36 of 1st period - Stopped by Michal Neuvirth with a rebound.
10:52 of 1st period - Snap shot by Enver Lisin.
10:52 of 1st period - Goal by Enver Lisin - Stars : 2 - Sabres : 1.
10:53 of 1st period - Derick Brassard wins face-off versus Tomas Plekanec in neutral zone.
11:18 of 1st period - Evgeny Artyukhin is hit by Richard Lintner and loses puck.
11:30 of 1st period - Randy Jones is hit by James Neal and loses puck.
11:53 of 1st period - Snap shot by Wayne Primeau.
11:53 of 1st period - Shot Misses the Net.
12:09 of 1st period - Snap shot by Tomas Plekanec.
12:09 of 1st period - Stopped by Michal Neuvirth without a rebound.
12:10 of 1st period - Tomas Plekanec wins face-off versus Derick Brassard in Sabres zone.
12:35 of 1st period - Ole-Kristian Tollefsen is hit by Kurtis Foster and loses puck.
12:54 of 1st period - Icing by Éric Belanger.
12:55 of 1st period - Éric Belanger wins face-off versus Tomas Kopecky in Stars zone.
13:10 of 1st period - Snap shot by Tomas Kopecky.
13:10 of 1st period - Stopped by Patrick Lalime with a rebound.
13:18 of 1st period - Evgeny Artyukhin is hit by Kyle Calder and loses puck.
13:27 of 1st period - Snap shot by Tomas Kopecky.
13:27 of 1st period - Shot Blocked by Kurtis Foster.
13:29 of 1st period - Snap shot by Tomas Kopecky.
13:29 of 1st period - Shot Blocked by Pavel Kubina.
13:35 of 1st period - Snap shot by Tomas Kopecky.
13:35 of 1st period - Stopped by Patrick Lalime with a rebound.
13:37 of 1st period - Wrist shot by Kyle Calder.
13:37 of 1st period - Shot Misses the Net.
13:39 of 1st period - Wrist shot by Wayne Primeau.
13:39 of 1st period - Deflect By Tomas Kopecky.
13:39 of 1st period - Stopped by Patrick Lalime without a rebound.
13:40 of 1st period - Tomas Plekanec wins face-off versus Derick Brassard in Stars zone.
14:17 of 1st period - Kurtis Foster is hit by James Neal and loses puck.
14:30 of 1st period - Snap shot by Steve Downie.
14:30 of 1st period - Stopped by Patrick Lalime without a rebound.
14:31 of 1st period - Mats Sundin wins face-off versus Marty Reasoner in Stars zone.
14:54 of 1st period - Snap shot by Ryan Hollweg.
14:54 of 1st period - Stopped by Patrick Lalime with a rebound.
14:56 of 1st period - Slapshot by Richard Lintner.
14:56 of 1st period - Stopped by Patrick Lalime with a rebound.
14:58 of 1st period - Wrist shot by Steve Downie.
14:58 of 1st period - Shot Blocked by Randy Jones.
15:00 of 1st period - Wrist shot by Steve Downie.
15:00 of 1st period - Stopped by Patrick Lalime with a rebound.
15:19 of 1st period - Off-side.
15:20 of 1st period - Derick Brassard wins face-off versus Tomas Plekanec in neutral zone.
15:57 of 1st period - Snap shot by Milan Michalek.
15:57 of 1st period - Shot Misses the Net.
16:54 of 1st period - Off-side.
16:55 of 1st period - Enver Lisin wins face-off versus Jan Hlavac in neutral zone.
17:28 of 1st period - Wrist shot by Antoine Roussel.
17:28 of 1st period - Stopped by Patrick Lalime with a rebound.
17:45 of 1st period - Wrist shot by John Tavares.
17:45 of 1st period - Stopped by Michal Neuvirth with a rebound.
17:51 of 1st period - Wrist shot by Tomas Kopecky.
17:51 of 1st period - Stopped by Patrick Lalime with a rebound.
18:05 of 1st period - Slapshot by Ryan Hollweg.
18:05 of 1st period - Stopped by Patrick Lalime with a rebound.
18:29 of 1st period - Slapshot by James Neal.
18:29 of 1st period - Shot Blocked by Bryan Berard.
18:31 of 1st period - Snap shot by James Neal.
18:31 of 1st period - Shot Blocked by Jan Hlavac.
18:33 of 1st period - Snap shot by James Neal.
18:33 of 1st period - Shot Misses the Net.
19:39 of 1st period - Slapshot by Joni Pitkanen.
19:39 of 1st period - Shot Misses the Net.
Goals for this period are 2 for Stars vs 1 for Sabres.
Shots for this period are 9 for Stars vs 18 for Sabres.
2nd period
0:01 of 2nd period - Tomas Plekanec wins face-off versus Derick Brassard in neutral zone.
0:15 of 2nd period - Minor Penalty to Antoine Roussel for Slashing.
0:16 of 2nd period - Tomas Plekanec wins face-off versus Todd White in Sabres zone.
0:36 of 2nd period - Todd White is hit by Pavel Kubina.
0:52 of 2nd period - Wrist shot by Shane Doan.
0:52 of 2nd period - Stopped by Michal Neuvirth with a rebound.
0:54 of 2nd period - Slapshot by Kurtis Foster.
0:54 of 2nd period - Stopped by Michal Neuvirth without a rebound.
0:55 of 2nd period - Wayne Primeau wins face-off versus Tomas Plekanec in Sabres zone.
0:55 of 2nd period - Wayne Primeau is hit by Tomas Plekanec.
1:07 of 2nd period - Wrist shot by Tomas Plekanec.
1:07 of 2nd period - Stopped by Michal Neuvirth without a rebound.
1:08 of 2nd period - Mats Sundin wins face-off versus John Tavares in Sabres zone.
1:08 of 2nd period - Mats Sundin is hit by Shane Doan.
1:42 of 2nd period - Minor Penalty to Pavel Kubina for Tripping.
1:43 of 2nd period - Alexei Morozov wins face-off versus Derick Brassard in Stars zone.
2:15 of 2nd period - Penalty to Antoine Roussel is over, Antoine Roussel is back on ice.
3:31 of 2nd period - Slapshot by Derick Brassard.
3:31 of 2nd period - Shot Blocked by Daniel Sedin.
3:33 of 2nd period - Slapshot by Tyler Sloan.
3:33 of 2nd period - Stopped by Patrick Lalime with a rebound.
3:35 of 2nd period - Wrist shot by Niclas Bergfors.
3:35 of 2nd period - Shot Blocked by Filip Novak.
3:37 of 2nd period - Slapshot by Tyler Sloan.
3:37 of 2nd period - Deflect By Alexei Morozov.
3:37 of 2nd period - Stopped by Patrick Lalime with a rebound.
3:39 of 2nd period - Snap shot by Niclas Bergfors.
3:39 of 2nd period - Shot Misses the Net.
3:42 of 2nd period - Penalty to Pavel Kubina is over, Pavel Kubina is back on ice.
3:55 of 2nd period - Snap shot by Derick Brassard.
3:55 of 2nd period - Stopped by Patrick Lalime with a rebound.
4:11 of 2nd period - Snap shot by Antoine Roussel.
4:11 of 2nd period - Stopped by Patrick Lalime with a rebound.
4:13 of 2nd period - Snap shot by Derick Brassard.
4:13 of 2nd period - Stopped by Patrick Lalime without a rebound.
4:14 of 2nd period - Todd White wins face-off versus John Tavares in Stars zone.
4:17 of 2nd period - Snap shot by James Neal.
4:17 of 2nd period - Stopped by Patrick Lalime with a rebound.
4:25 of 2nd period - Wrist shot by Enver Lisin.
4:25 of 2nd period - Stopped by Patrick Lalime with a rebound.
4:27 of 2nd period - Snap shot by Enver Lisin.
4:27 of 2nd period - Shot Misses the Net.
4:29 of 2nd period - Slapshot by Ole-Kristian Tollefsen.
4:29 of 2nd period - Stopped by Patrick Lalime without a rebound.
4:30 of 2nd period - Éric Belanger wins face-off versus Mats Sundin in Stars zone.
4:39 of 2nd period - Ole-Kristian Tollefsen is hit by Evgeny Artyukhin and loses puck.
5:05 of 2nd period - Snap shot by Enver Lisin.
5:05 of 2nd period - Shot Misses the Net.
5:22 of 2nd period - Kyle Calder is hit by Filip Novak and loses puck.
5:27 of 2nd period - Slapshot by Jan Hlavac.
5:27 of 2nd period - Stopped by Michal Neuvirth with a rebound.
5:42 of 2nd period - Richard Lintner is hit by Éric Belanger and loses puck.
6:54 of 2nd period - Randy Jones is hit by Enver Lisin and loses puck.
7:21 of 2nd period - Tyler Sloan is hit by Brendan Bell and loses puck.
7:36 of 2nd period - Todd White is hit by Daniel Cleary.
7:51 of 2nd period - Icing by Enver Lisin.
7:52 of 2nd period - Todd White wins face-off versus John Tavares in Sabres zone.
8:07 of 2nd period - Milan Michalek is hit by Todd White and loses puck.
8:18 of 2nd period - Slapshot by James Neal.
8:18 of 2nd period - Stopped by Patrick Lalime with a rebound.
8:34 of 2nd period - Snap shot by Todd White.
8:34 of 2nd period - Stopped by Patrick Lalime without a rebound.
8:35 of 2nd period - Derick Brassard wins face-off versus Tomas Plekanec in Stars zone.
9:24 of 2nd period - Kyle Calder is hit by Jan Hlavac.
10:28 of 2nd period - Niclas Bergfors is hit by Jan Hlavac and loses puck.
10:39 of 2nd period - Mats Sundin is hit by Tomas Plekanec and loses puck.
10:46 of 2nd period - Wrist shot by Daniel Sedin.
10:46 of 2nd period - Stopped by Michal Neuvirth without a rebound.
10:47 of 2nd period - Tomas Plekanec wins face-off versus Todd White in Sabres zone.
10:48 of 2nd period - Snap shot by Daniel Sedin.
10:48 of 2nd period - Shot Blocked by Todd White.
10:56 of 2nd period - Wrist shot by James Neal.
10:56 of 2nd period - Stopped by Patrick Lalime without a rebound.
10:57 of 2nd period - Tomas Plekanec wins face-off versus Todd White in Stars zone.
11:12 of 2nd period - Enver Lisin is hit by Tomas Plekanec and loses puck.
12:17 of 2nd period - Wrist shot by Enver Lisin.
12:17 of 2nd period - Goal by Enver Lisin - Stars : 2 - Sabres : 2.
12:18 of 2nd period - Derick Brassard wins face-off versus John Tavares in neutral zone.
12:21 of 2nd period - Pavel Kubina is hit by Niclas Bergfors and loses puck.
13:00 of 2nd period - Icing by Evgeny Artyukhin.
13:01 of 2nd period - Wayne Primeau wins face-off versus Marty Reasoner in Stars zone.
13:26 of 2nd period - Snap shot by Derick Brassard.
13:26 of 2nd period - Shot Misses the Net.
13:28 of 2nd period - Minor Penalty to John Tavares for Elbowing.
13:29 of 2nd period - Alexei Morozov wins face-off versus James Neal in Stars zone.
13:55 of 2nd period - Daniel Sedin is hit by Ole-Kristian Tollefsen and loses puck.
15:28 of 2nd period - Penalty to John Tavares is over, John Tavares is back on ice.
15:50 of 2nd period - Nathan Dempsey is hit by John Tavares and loses puck.
16:01 of 2nd period - Snap shot by Nathan Dempsey.
16:01 of 2nd period - Deflect By James Neal.
16:01 of 2nd period - Shot Misses the Net.
16:01 of 2nd period - Puck is out of play.
16:02 of 2nd period - Todd White wins face-off versus Éric Belanger in Stars zone.
16:17 of 2nd period - Wrist shot by Evgeny Artyukhin.
16:17 of 2nd period - Deflect By Éric Belanger.
16:17 of 2nd period - Shot Misses the Net.
16:17 of 2nd period - Puck is out of play.
16:18 of 2nd period - Derick Brassard wins face-off versus Tomas Plekanec in Sabres zone.
16:29 of 2nd period - Slapshot by Daniel Sedin.
16:29 of 2nd period - Shot Misses the Net.
16:55 of 2nd period - Minor Penalty to John Tavares for Roughing.
16:56 of 2nd period - Alexei Morozov wins face-off versus Derick Brassard in Stars zone.
17:54 of 2nd period - Slapshot by Randy Jones.
17:54 of 2nd period - Shot Misses the Net.
18:50 of 2nd period - Antoine Roussel is hit by Tomas Plekanec and loses puck.
18:55 of 2nd period - Penalty to John Tavares is over, John Tavares is back on ice.
19:17 of 2nd period - Icing by Nathan Dempsey.
19:18 of 2nd period - Wayne Primeau wins face-off versus Marty Reasoner in Sabres zone.
19:31 of 2nd period - Snap shot by Wayne Primeau.
19:31 of 2nd period - Shot Misses the Net.
Goals for this period are 0 for Stars vs 1 for Sabres.
Shots for this period are 5 for Stars vs 12 for Sabres.
3rd period
0:01 of 3rd period - Derick Brassard wins face-off versus Tomas Plekanec in neutral zone.
0:22 of 3rd period - Minor Penalty to Kurtis Foster for Interference.
0:23 of 3rd period - Derick Brassard wins face-off versus Alexei Morozov in Stars zone.
1:12 of 3rd period - Icing by Niclas Bergfors.
1:13 of 3rd period - Alexei Morozov wins face-off versus Derick Brassard in Sabres zone.
1:36 of 3rd period - Slapshot by Mats Sundin.
1:36 of 3rd period - Shot Misses the Net.
2:02 of 3rd period - Antoine Roussel is hit by Jan Hlavac.
2:20 of 3rd period - Pavel Kubina is hit by James Neal and loses puck.
2:22 of 3rd period - Penalty to Kurtis Foster is over, Kurtis Foster is back on ice.
2:32 of 3rd period - Off-side.
2:33 of 3rd period - Wayne Primeau wins face-off versus Éric Belanger in neutral zone.
2:36 of 3rd period - Wrist shot by Kyle Calder.
2:36 of 3rd period - Deflect By Tomas Kopecky.
2:36 of 3rd period - Shot Hit the Post.
2:36 of 3rd period - Puck is out of play.
2:37 of 3rd period - Tomas Plekanec wins face-off versus Mats Sundin in Stars zone.
2:37 of 3rd period - Tomas Plekanec is hit by Ole-Kristian Tollefsen.
2:45 of 3rd period - Slapshot by Alexei Morozov.
2:45 of 3rd period - Goal by Alexei Morozov - Stars : 3 - Sabres : 2.
2:46 of 3rd period - Derick Brassard wins face-off versus Daniel Sedin in neutral zone.
3:08 of 3rd period - Icing by Antoine Roussel.
3:09 of 3rd period - Derick Brassard wins face-off versus John Tavares in Sabres zone.
3:59 of 3rd period - Todd White is hit by Randy Jones and loses puck.
4:10 of 3rd period - Wrist shot by Marty Reasoner.
4:10 of 3rd period - Deflect By Daniel Cleary.
4:10 of 3rd period - Stopped by Michal Neuvirth with a rebound.
4:22 of 3rd period - Snap shot by Sean Avery.
4:22 of 3rd period - Shot Blocked by Kyle Calder.
4:24 of 3rd period - Wrist shot by Éric Belanger.
4:24 of 3rd period - Stopped by Michal Neuvirth with a rebound.
4:26 of 3rd period - Slapshot by Éric Belanger.
4:26 of 3rd period - Shot Misses the Net.
4:28 of 3rd period - Slapshot by Kurtis Foster.
4:28 of 3rd period - Stopped by Michal Neuvirth without a rebound.
4:29 of 3rd period - Derick Brassard wins face-off versus Tomas Plekanec in Sabres zone.
4:54 of 3rd period - Tomas Plekanec is hit by Enver Lisin and loses puck.
5:16 of 3rd period - Daniel Sedin is hit by Enver Lisin and loses puck.
5:30 of 3rd period - Icing by Todd White.
5:31 of 3rd period - Todd White wins face-off versus John Tavares in Sabres zone.
5:52 of 3rd period - Backhand shot by Enver Lisin.
5:52 of 3rd period - Stopped by Patrick Lalime without a rebound.
5:53 of 3rd period - Éric Belanger wins face-off versus Derick Brassard in Stars zone.
6:42 of 3rd period - Backhand shot by Jan Hlavac.
6:42 of 3rd period - Shot Blocked by Richard Lintner.
6:44 of 3rd period - Slapshot by Marty Reasoner.
6:44 of 3rd period - Deflect By Daniel Cleary.
6:44 of 3rd period - Shot Misses the Net.
6:44 of 3rd period - Puck is out of play.
6:45 of 3rd period - Tomas Plekanec wins face-off versus Derick Brassard in Sabres zone.
7:01 of 3rd period - Minor Penalty to Richard Lintner for Holding Stick.
7:02 of 3rd period - Wayne Primeau wins face-off versus Tomas Plekanec in Sabres zone.
7:35 of 3rd period - Wrist shot by Pavel Kubina.
7:35 of 3rd period - Deflect By John Tavares.
7:35 of 3rd period - Goal by John Tavares - Stars : 4 - Sabres : 2.
7:35 of 3rd period - Ty Conklin enters game.
7:36 of 3rd period - Tomas Plekanec wins face-off versus Derick Brassard in neutral zone.
7:43 of 3rd period - Slapshot by Alexei Morozov.
7:43 of 3rd period - Deflect By Niclas Bergfors.
7:43 of 3rd period - Shot Misses the Net.
7:43 of 3rd period - Puck is out of play.
7:44 of 3rd period - Derick Brassard wins face-off versus Tomas Plekanec in Sabres zone.
7:55 of 3rd period - Snap shot by Derick Brassard.
7:55 of 3rd period - Goal by Derick Brassard - Stars : 4 - Sabres : 3.
7:56 of 3rd period - Derick Brassard wins face-off versus Tomas Plekanec in neutral zone.
8:26 of 3rd period - Slapshot by Joni Pitkanen.
8:26 of 3rd period - Stopped by Patrick Lalime without a rebound.
8:27 of 3rd period - John Tavares wins face-off versus Derick Brassard in Stars zone.
8:34 of 3rd period - Slapshot by Richard Lintner.
8:34 of 3rd period - Goal by Richard Lintner - Stars : 4 - Sabres : 4.
8:35 of 3rd period - Derick Brassard wins face-off versus Tomas Plekanec in neutral zone.
9:43 of 3rd period - Jan Hlavac is hit by Tomas Kopecky and loses puck.
9:57 of 3rd period - Minor Penalty to Bryan Berard for High sticking.
9:58 of 3rd period - Alexei Morozov wins face-off versus Derick Brassard in Stars zone.
10:37 of 3rd period - Shane Doan is hit by Nathan Dempsey and loses puck.
11:53 of 3rd period - Snap shot by Tomas Kopecky.
11:53 of 3rd period - Shot Blocked by Randy Jones.
11:57 of 3rd period - Penalty to Bryan Berard is over, Bryan Berard is back on ice.
12:31 of 3rd period - Brendan Bell is hit by Kyle Calder and loses puck.
12:42 of 3rd period - Backhand shot by John Tavares.
12:42 of 3rd period - Stopped by Ty Conklin with a rebound.
12:44 of 3rd period - Wrist shot by Shane Doan.
12:44 of 3rd period - Deflect By John Tavares.
12:44 of 3rd period - Shot Misses the Net.
12:44 of 3rd period - Puck is out of play.
12:45 of 3rd period - Mats Sundin wins face-off versus John Tavares in Sabres zone.
12:51 of 3rd period - Off-side.
12:52 of 3rd period - Tomas Plekanec wins face-off versus Derick Brassard in neutral zone.
12:55 of 3rd period - Slapshot by Pavel Kubina.
12:55 of 3rd period - Shot Blocked by Nathan Paetsch.
12:57 of 3rd period - Slapshot by Pavel Kubina.
12:57 of 3rd period - Stopped by Ty Conklin with a rebound.
12:59 of 3rd period - Slapshot by Kurtis Foster.
12:59 of 3rd period - Deflect By Tomas Plekanec.
12:59 of 3rd period - Shot Misses the Net.
12:59 of 3rd period - Puck is out of play.
13:00 of 3rd period - Derick Brassard wins face-off versus Tomas Plekanec in Sabres zone.
13:09 of 3rd period - Wrist shot by Niclas Bergfors.
13:09 of 3rd period - Stopped by Patrick Lalime with a rebound.
13:33 of 3rd period - Ryan Hollweg is hit by Kurtis Foster and loses puck.
13:50 of 3rd period - Slapshot by Kurtis Foster.
13:50 of 3rd period - Stopped by Ty Conklin without a rebound.
13:51 of 3rd period - Marty Reasoner wins face-off versus Todd White in Sabres zone.
14:00 of 3rd period - Snap shot by Marty Reasoner.
14:00 of 3rd period - Shot Blocked by Todd White.
14:02 of 3rd period - Wrist shot by Marty Reasoner.
14:02 of 3rd period - Shot Misses the Net.
14:04 of 3rd period - Wrist shot by Jan Hlavac.
14:04 of 3rd period - Shot Misses the Net.
14:06 of 3rd period - Snap shot by Marty Reasoner.
14:06 of 3rd period - Deflect By Jan Hlavac.
14:06 of 3rd period - Goal by Jan Hlavac - Stars : 5 - Sabres : 4.
14:07 of 3rd period - Derick Brassard wins face-off versus Alexei Morozov in neutral zone.
14:12 of 3rd period - Icing by Alexei Morozov.
14:13 of 3rd period - Derick Brassard wins face-off versus Tomas Plekanec in Stars zone.
14:24 of 3rd period - Snap shot by Tomas Plekanec.
14:24 of 3rd period - Shot Misses the Net.
14:26 of 3rd period - Slapshot by Kurtis Foster.
14:26 of 3rd period - Shot Misses the Net.
14:28 of 3rd period - Snap shot by Tomas Plekanec.
14:28 of 3rd period - Shot Blocked by Niclas Bergfors.
14:38 of 3rd period - Wrist shot by Milan Michalek.
14:38 of 3rd period - Shot Misses the Net.
15:01 of 3rd period - Off-side.
15:02 of 3rd period - Todd White wins face-off versus Éric Belanger in neutral zone.
15:11 of 3rd period - Slapshot by Joni Pitkanen.
15:11 of 3rd period - Shot Blocked by Éric Belanger.
15:14 of 3rd period - Icing by Randy Jones.
15:15 of 3rd period - Todd White wins face-off versus Éric Belanger in Stars zone.
15:59 of 3rd period - Randy Jones is hit by Steve Downie and loses puck.
16:27 of 3rd period - Snap shot by Marty Reasoner.
16:27 of 3rd period - Shot Blocked by Joni Pitkanen.
16:29 of 3rd period - Slapshot by Bryan Berard.
16:29 of 3rd period - Shot Misses the Net.
16:31 of 3rd period - Snap shot by Daniel Cleary.
16:31 of 3rd period - Shot Blocked by Richard Lintner.
16:43 of 3rd period - Wrist shot by Éric Belanger.
16:43 of 3rd period - Stopped by Ty Conklin with a rebound.
16:45 of 3rd period - Snap shot by Evgeny Artyukhin.
16:45 of 3rd period - Stopped by Ty Conklin with a rebound.
16:47 of 3rd period - Snap shot by Éric Belanger.
16:47 of 3rd period - Stopped by Ty Conklin with a rebound.
16:51 of 3rd period - Snap shot by Éric Belanger.
16:51 of 3rd period - Shot Blocked by James Neal.
17:21 of 3rd period - Ryan Hollweg is hit by Milan Michalek and loses puck.
17:46 of 3rd period - Nathan Dempsey is hit by Jan Hlavac and loses puck.
17:51 of 3rd period - Snap shot by Marty Reasoner.
17:51 of 3rd period - Stopped by Ty Conklin with a rebound.
17:53 of 3rd period - Wrist shot by Kurtis Foster.
17:53 of 3rd period - Stopped by Ty Conklin without a rebound.
17:54 of 3rd period - James Neal wins face-off versus Éric Belanger in Sabres zone.
18:19 of 3rd period - Alexei Morozov is hit by Nathan Paetsch.
18:29 of 3rd period - Snap shot by Alexei Morozov.
18:29 of 3rd period - Deflect By Mats Sundin.
18:29 of 3rd period - Shot Misses the Net.
18:29 of 3rd period - Puck is out of play.
18:30 of 3rd period - Derick Brassard wins face-off versus Éric Belanger in Sabres zone.
18:56 of 3rd period - Nathan Dempsey is hit by Daniel Sedin and loses puck.
19:03 of 3rd period - Tomas Plekanec is hit by Derick Brassard.
19:09 of 3rd period - Sabres, Ty Conklin is pulled from the net.
19:27 of 3rd period - Wrist shot by Niclas Bergfors.
19:27 of 3rd period - Shot Misses the Net.
19:29 of 3rd period - Snap shot by Derick Brassard.
19:29 of 3rd period - Shot Blocked by Alexei Morozov.
19:39 of 3rd period - Snap shot by Niclas Bergfors.
19:39 of 3rd period - Stopped by Patrick Lalime with a rebound.
Goals for this period are 3 for Stars vs 2 for Sabres.
Shots for this period are 14 for Stars vs 6 for Sabres.
Output by the SimonT Hockey Simulator (STHS) for François Prévost -- Original Page W3C XHTML 1.0 Valid